 Dungeon Crawl Stone Soup version 0.31-a0-192-ga50d7bf3bb (webtiles) character file.

Game seed: 2175479213735292119

39 qw the Shooter (level 3, -5/20 HPs)
             Began as a Deep Elf Hunter on June 23, 2023.
             Slain by Sigmund
             ... wielding a +0 scythe
              (8 damage)
             ... on level 2 of the Dungeon.
             The game lasted 00:00:28 (1273 turns).

qw the Shooter (Deep Elf Hunter)                    Turns: 1273, Time: 00:00:28

Health: -5/20      AC:  3    Str:  9 (10) XL:     3   Next: 28%
Magic:  5/5        EV: 12    Int: 10 (13) God:
Gold:   54         SH:  0    Dex: 16 (18) Spells: 2/2 levels left

rFire   . . .        Y - +0 shortbow
rCold   . . .        (shield currently unavailable)
rNeg    . . .        c - +0 leather armour
rPois   .            (no helmet)
rElec   .            (no cloak)
rCorr   .            (no gloves)
SInv    .            (no boots)
Will    .....        (no amulet)
Stlth   ++           (no ring)
HPRegen 0.23/turn    (no ring)
MPRegen 0.09/turn

%: no passive effects
@: about to teleport
A: no striking features
a: no special abilities


You were on level 2 of the Dungeon.
You visited 1 branch of the dungeon, and saw 2 of its levels.

You collected 54 gold pieces.


   Skills:
 - Level 1.5 Fighting
 + Level 6.9 Ranged Weapons
 - Level 2.4 Dodging
 - Level 1.2 Stealth


You had 2 spell levels left.
You didn't know any spells.
Your spell library was empty.

Inventory:

Hand Weapons
 Y - a +0 shortbow (weapon)
Armour
 c - a +0 leather armour (worn)
 f - a +0 ring mail
Jewellery
 b - a ring of positive energy
Scrolls
 a - a scroll of identify {unknown}
 e - a scroll of brand weapon {unknown}
Potions
 g - a potion of curing

Dungeon Overview and Level Annotations

Branches:
Dungeon (2/15)

Altars:

Annotations:
D:2 Sigmund


Message History

You shoot an arrow. The arrow barely misses the bat.
The bat closely misses you.
You shoot an arrow. The arrow closely misses the bat.
The bat hits you but does no damage.
You shoot an arrow. The arrow hits the bat.
You kill the bat!
You open the door.
There is an open door here.
You open the door.
There is an open door here.
You see here 5 stones.
There is an open door here.
You open the door.
There is an open door here.
Sigmund and a kobold come into view.
The kobold is wielding a +0 dagger of venom.
Sigmund shouts!
Sigmund moves out of view.
Enter note:
Enter note:
Enter note: You shoot an arrow.
The arrow barely misses the kobold.
The kobold shouts!
1268 ||| Stepping ~*~*~tactically~*~*~ (outnumbered).
The kobold closely misses you.
You shoot an arrow. The arrow hits the kobold.
You kill the kobold!
Sigmund hits you with a +0 scythe!
Ouch! That really hurt!
Things that are here:
a +0 dagger of venom; 5 stones
Enter note:
Enter note: You shoot an arrow.
The arrow closely misses Sigmund.
Sigmund hits you with a +0 scythe!
1273 ||| READING scroll of teleportation.
As you read the scroll of teleportation, it crumbles to dust.
You feel strangely unstable. Sigmund hits you with a +0 scythe!
You die...

##########.###.########
#.....# #####.# #.#
####.##### #........#
#..#.##..# ....###.# .#
####. #@## # #
#..@.....# ........###
#.#...##.# #.##.## # #
... #.# #+#


You could see Sigmund.

Vanquished Creatures
  A dart slug (D:1)
  2 bats
  2 endoplasms
  A goblin (D:1)
  5 hobgoblins
  3 jackals (D:1)
  6 quokkas
  4 ball pythons (D:1)
  A frilled lizard (D:1)
  4 kobolds
  3 rats (D:1)
32 creatures vanquished.

Notes
Turn   | Place    | Note
-------+----------+-------------------------------------------
     0 | D:1      | qw the Deep Elf Hunter began the quest for the Orb.
     0 | D:1      | Reached XP level 1. HP: 12/12 MP: 3/3
     0 | D:1      | 0 ||| qw: Version: 0.3-a-9-g12657ce
     0 | D:1      | 0 ||| qw: Game counter: 4548
     0 | D:1      | 0 ||| qw: Always use a shield: true
     0 | D:1      | 0 ||| qw: God list: Okawaru
     0 | D:1      | 0 ||| qw: Allow faded altars: false
     0 | D:1      | 0 ||| qw: Do Orc after D:15 true
     0 | D:1      | 0 ||| qw: Do second Lair branch before Depths: true
     0 | D:1      | 0 ||| qw: Lair rune preference: random
     0 | D:1      | 0 ||| qw: Plans: Normal
     0 | D:1      | 0 ||| PLANNING D:1-11
   134 | D:1      | Reached skill level 6 in Ranged Weapons
   134 | D:1      | Reached XP level 2. HP: 12/16 MP: 4/4
   439 | D:1      | Found a faded altar of an unknown god.
   519 | D:1      | Reached XP level 3. HP: 20/20 MP: 5/5
   884 | D:1      | 884 ||| READING scroll labelled WOYNE NORU.
   885 | D:1      | 885 ||| READING 2 scrolls labelled ECKOOJOECK.
   886 | D:1      | 886 ||| READING scroll labelled UTZYTZEIMI.
   887 | D:1      | 887 ||| READING scroll labelled OSHEEZXUBA.
   888 | D:1      | 888 ||| READING scroll labelled QALENOTEBI.
   892 | D:1      | 892 ||| DRINKING 2 ruby potions.
   893 | D:1      | 893 ||| DRINKING 2 murky coppery potions.
   894 | D:1      | 894 ||| DROPPING scroll of butterflies.
   895 | D:1      | 895 ||| DROPPING potion of degeneration.
   896 | D:1      | 896 ||| DROPPING scroll of fog.
  1266 | D:2      | Noticed Sigmund
  1268 | D:2      | 1268 ||| Stepping ~*~*~tactically~*~*~ (outnumbered).
  1272 | D:2      | HP: 3/20 [Sigmund/+0 scythe (8)]
  1273 | D:2      | 1273 ||| READING scroll of teleportation.
  1273 | D:2      | Slain by Sigmund

Levels and vault maps discovered:
D:1:      mrwooster_arrival_statue_2, layout_basic,
          hellmonk_ecumenical_altar_zigzags, serial_rivers,
          chequers_serial_rivers_small_b, chequers_serial_rivers_micro_e,
          chequers_serial_rivers_small_b, chequers_serial_rivers_marsh,
          chequers_serial_rivers_micro_b, minmay_pentomino_v4
D:2:      layout_loops_corners, hex_tiny, amethyst_killhole, uniq_sigmund

Skill      XL: |  1 |
---------------+----+-----
Ranged Weapons | 6 |  6.9
Fighting       | |  1.5
Dodging        | |  2.4
Stealth        | |  1.2

Action                     || total
---------------------------++-------
   Fire: Shortbow          ||   108
    Use: Scroll            ||     6
         Potion            ||     2
 Armour: Leather armour    ||    12
  Dodge: Dodged            ||    34

Table legend:
 A = Non-vault XP
 B = Vault XP
 C = Vault XP percentage of total XP
 D = Non-vault monster count
 E = Vault monster count
 F = Vault count percentage of total count
                 A         B        C        D         E       F
            +---------+---------+-------+---------+---------+-------
      Total |      53 |       4 |   7.0 |      29 |       3 |   9.4
            +---------+---------+-------+---------+---------+-------
        D:1 |      37 |       4 |   9.8 |      21 |       3 |  12.5
        D:2 |      16 |       0 |   0.0 |       8 |       0 |   0.0
            +---------+---------+-------+---------+---------+-------
